 Dungeon Crawl Stone Soup version 0.22.1-2-g9c5b331 (webtiles) character file.

8043 magicm the Cleaver (level 11, -2/95 HPs)
             Began as a Minotaur Fighter on Nov 22, 2018.
             Slain by a two-headed ogre
             ... wielding a +0 giant spiked club
             ... summoned by Xom
              (13 damage)
             ... on level 10 of the Dungeon.
             The game lasted 00:31:00 (8830 turns).

magicm the Cleaver (Minotaur Fighter)               Turns: 8830, Time: 00:31:01

Health: -2/95      AC: 12    Str: 17    XL:     11   Next: 4%
Magic:  10/10      EV: 11    Int:  4    God:    Xom [*.....]
Gold:   311        SH: 13    Dex: 12    Spells: 10/10 levels left

rFire    . . .     SeeInvis .   a - +2 war axe
rCold    + . .     Gourm    .   c - +2 shield
rNeg     . . .     Faith    .   l - +1 chain mail
rPois    .         Spirit   .   (helmet restricted)
rElec    .         Reflect  .   (no cloak)
rCorr    .         Harm     .   (no gloves)
MR       .....                  (no boots)
Stlth    ..........             (no amulet)
HPRegen  0.25/turn              g - +3 ring of evasion
MPRegen  0.12/turn              (no ring)

@: no status effects
A: retaliatory headbutt, horns 2, cold resistance 1, dopey 1, mutation
resistance 2, weak 2
a: Renounce Religion


You were on level 10 of the Dungeon.
You worshipped Xom.
You were a special plaything of Xom.
You were not hungry.

You visited 1 branch of the dungeon, and saw 10 of its levels.

You collected 552 gold pieces.
You spent 241 gold pieces at shops.

Inventory:

Hand Weapons
 a - a +2 war axe (weapon)
Armour
 c - a +2 shield (worn)
 e - a +0 plate armour
 l - a +1 chain mail (worn)
 r - the -2 shield of Beyond {+Blink +Fly rF++ Str+2}
   (You found it on level 5 of the Dungeon)

   It affects your strength (+2).
   It greatly protects you from fire.
   It lets you fly.
   It lets you blink.
Jewellery
 g - a +3 ring of evasion (left hand)
 u - an uncursed ring of flight
Wands
 q - a wand of acid (10)
 w - a wand of digging (7)
Scrolls
 h - 2 scrolls of magic mapping
 k - 6 scrolls of teleportation
 v - a scroll of amnesia
 x - a scroll of remove curse
Potions
 b - a potion of ambrosia
 d - a potion of might
 i - a potion of agility
 j - a potion of brilliance
 m - a potion of flight
 n - a potion of resistance
 o - a potion of invisibility
 p - a potion of berserk rage
 s - 2 potions of haste
Miscellaneous
 t - a phial of floods
Comestibles
 f - 11 rations


   Skills:
 + Level 8.5 Fighting
 + Level 12.6 Axes
 + Level 9.3 Armour
 + Level 4.0 Dodging
 + Level 2.2 Stealth
 + Level 10.2 Shields


You had 10 spell levels left.
You didn't know any spells.
Your spell library was empty.

Dungeon Overview and Level Annotations

Branches:
Dungeon (10/15)            Temple (0/1) D:7            Lair (0/6) D:9
    Orc (0/2) D:10

Altars:
Ashenzari
Cheibriados
Dithmenos
Elyvilon
Fedhas
Gozag
Hepliaklqana
Makhleb
Okawaru
Ru
Trog
Uskayaw
Vehumet
Xom

Shops:
D:5 *   D:10 *

Annotations:
D:6 1 runed door


Innate Abilities, Weirdness & Mutations

You reflexively headbutt those who attack you in melee.
You have a pair of horns on your head.
Your flesh is cold resistant. (rC+)
You are dopey. (Int -2)
You are somewhat resistant to both further mutation and mutation removal.
You are very weak. (Str -4)


Message History

Your chain mail prevents you from hitting the iguana.
You slash the sixfirhy! The iguana barely misses you.
You closely miss the sixfirhy. Your headbutt misses the sixfirhy.
The sixfirhy is moderately wounded.
You hit the two-headed ogre but do no damage.
You hit the iguana. The sixfirhy hits you! The sixfirhy shocks you!
The two-headed ogre hits you with a giant spiked club.
You block the two-headed ogre's attack. You block the iguana's attack.
You are too injured to fight recklessly!
The sixfirhy hits you!
* * * LOW HITPOINT WARNING * * *
The sixfirhy shocks you!
* * * LOW HITPOINT WARNING * * *
You block the sixfirhy's attack. x2
The iguana bites you but does no damage.
A hobgoblin skeleton comes into view.
The two-headed ogre barely misses you.
The two-headed ogre hits you with a giant club!
You die...
Xom guffaws!

#.......# #..........
#.......# ######'####
######### ## #...#
#...#####.# ##.###
###....#...####..####
#..###.#.)#...#.....###
...#.#....##....PP...#
#.O##..###...P∩P...#
##3@$....#...P.P...#
#Wol###..##..........
#Z#Z# #####.........#
5Z#.#. #....######


#Z(ZZ . #.(..# #.>.## .# #....# .ZZ.# .. #....# ..#. .. ###+## You could see a
two-headed ogre, a sixfirhy, a wraith, an orc sorcerer, an iguana, a shadow imp,
3 hobgoblin zombies, 2 ogre zombies, a hobgoblin skeleton (wandering) and an orc
skeleton.

Vanquished Creatures
  A centaur warrior (D:9)
  A two-headed ogre (D:8)
  An unseen horror (D:9)
  The ghost of bmj180 the Grappler, a novice TrFi of Ru (D:6)
  A troll (D:9)
  Prince Ribbit (D:8)
  Grinder (D:3)
  2 hippogriffs
  5 yaks (D:9)
  A hungry ghost (D:8)
  2 wargs (D:9)
  2 orc warriors (D:8)
  2 sky beasts
  An ice beast (D:10)
  5 ogres
  A necrophage (D:8)
  2 centaurs
  A crocodile (D:9)
  3 big kobolds
  8 bullfrogs
  4 scorpions
  4 wights (D:9)
  5 howler monkeys
  A crimson imp (D:7)
  2 orc priests
  4 hounds
  9 orc wizards
  Terence (D:3)
  2 centaur skeletons
  4 iguanas
  10 worker ants
  A killer bee zombie (D:8)
  An ogre zombie (D:10)
  A hound zombie (D:9)
  3 worker ant zombies
  Robin (D:3)
  12 adders
  A shadow imp (D:4)
  An ooze (D:9)
  An adder zombie (D:6)
  5 worms
  2 dart slugs (D:2)
  3 leopard geckos
  23 orcs
  3 bats
  7 giant cockroaches
  10 goblins
  12 hobgoblins
  8 jackals
  15 kobolds
  5 quokkas
  2 ball pythons
  5 frilled lizards
  A leopard gecko skeleton (D:5)
  A leopard gecko zombie (D:6)
  4 orc zombies (D:10)
  3 quokka skeletons
  13 rats
232 creatures vanquished.

Vanquished Creatures (collateral kills)
  An orc (D:9)
1 creature vanquished.

Vanquished Creatures (others)
  A dancing weapon (D:9)
1 creature vanquished.

Grand Total: 234 creatures vanquished

Notes
Turn   | Place    | Note
-------+----------+-------------------------------------------
     0 | D:1      | magicm the Minotaur Fighter began the quest for the Orb.
     0 | D:1      | Reached XP level 1. HP: 19/19 MP: 0/0
   264 | D:1      | You fall through a shaft!
   306 | D:2      | Found a shattered altar of Ashenzari.
   322 | D:2      | Reached XP level 2. HP: 26/27 MP: 1/1
   787 | D:2      | Found a white marble altar of Elyvilon.
   792 | D:2      | Reached XP level 3. HP: 31/33 MP: 2/2
   942 | D:2      | Reached skill level 3 in Axes
  1193 | D:3      | Noticed Grinder
  1193 | D:3      | Noticed Robin
  1204 | D:2      | Reached XP level 4. HP: 40/40 MP: 3/3
  1219 | D:2      | Reached skill level 1 in Dodging
  1279 | D:3      | Paralysed by Grinder for 4 turns
  1285 | D:3      | Paralysed by Grinder for 2 turns
  1291 | D:3      | Killed Robin
  1291 | D:3      | Paralysed by Grinder for 2 turns
  1296 | D:3      | Paralysed by Grinder for 2 turns
  1298 | D:3      | Killed Grinder
  1298 | D:3      | Reached skill level 5 in Axes
  1298 | D:3      | Reached XP level 5. HP: 21/47 MP: 4/4
  1298 | D:3      | Reached XP level 6. HP: 24/53 MP: 5/5
  1537 | D:3      | Gained mutation: You are dopey. (Int -2) [potion of
                  | mutation]
  1537 | D:3      | Gained mutation: Your flesh is cold resistant. (rC+)
                  | [potion of mutation]
  1537 | D:3      | Gained mutation: You are somewhat resistant to further
                  | mutation. [potion of mutation]
  1640 | D:3      | Reached skill level 5 in Armour
  1743 | D:3      | Reached skill level 5 in Shields
  1974 | D:3      | Noticed Terence
  1985 | D:3      | Killed Terence
  2130 | D:3      | Found a shimmering altar of Xom.
  2146 | D:3      | Became a worshipper of Xom of Ineffable Intent
  2185 | D:4      | XOM: potion effect (haste)
  2197 | D:4      | Found a shadowy altar of Dithmenos.
  2230 | D:4      | Found a bloodstained altar of Trog.
  2230 | D:4      | Found a hide-covered altar of Uskayaw.
  2230 | D:4      | Found an opulent altar of Gozag.
  2230 | D:4      | Found a sacrificial altar of Ru.
  2232 | D:4      | Found a white marble altar of Elyvilon.
  2233 | D:4      | XOM: potion effect (haste)
  2239 | D:4      | Reached skill level 5 in Fighting
  2239 | D:4      | Reached skill level 6 in Axes
  2239 | D:4      | Reached XP level 7. HP: 61/61 MP: 6/6
  2255 | D:4      | Found a radiant altar of Vehumet.
  2256 | D:4      | Found a blossoming altar of Fedhas.
  2658 | D:4      | XOM: divination: magic mapping
  2728 | D:5      | Entered Level 5 of the Dungeon
  2857 | D:5      | Found a hazy altar of Hepliaklqana.
  2956 | D:5      | Found a burning altar of Makhleb.
  2989 | D:5      | Noticed a blizzard demon
  3010 | D:5      | Found Ovefawe's General Store.
  3062 | D:5      | XOM: divination: detect items
  3157 | D:5      | Got a steaming shield
  3169 | D:5      | Identified the cursed -2 shield of Beyond {+Blink +Fly rF++
                  | Str+2} (You found it on level 5 of the Dungeon)
  3201 | D:5      | XOM: scenery: create altars
  3206 | D:5      | Reached skill level 7 in Axes
  3404 | D:5      | Bought a scroll of identify for 24 gold pieces
  3671 | D:6      | Found a runed door.
  3706 | D:6      | XOM: fog
  3710 | D:6      | Reached XP level 8. HP: 63/69 MP: 7/7
  3767 | D:6      | XOM: scenery: create altars
  3806 | D:6      | XOM: scenery: 1 doors open
  3816 | D:6      | Noticed bmj180's ghost (novice TrFi)
  3915 | D:6      | XOM is BORED!
  3915 | D:6      | XOM: mild Chrm miscast
  4017 | D:6      | XOM: harmless Conj miscast
  4040 | D:6      | Found a hazy altar of Hepliaklqana.
  4054 | D:6      | Found a runed door.
  4130 | D:6      | Killed bmj180's ghost
  4130 | D:6      | Reached skill level 8 in Axes
  4135 | D:6      | XOM: enchant monster (bad)
  4253 | D:6      | XOM: cloud trail
  4307 | D:7      | Reached skill level 1 in Stealth
  4307 | D:7      | Reached XP level 9. HP: 78/78 MP: 8/8
  4328 | D:7      | Reached skill level 9 in Axes
  4336 | D:7      | XOM: give mutations
  4336 | D:7      | Gained mutation: You are weak. (Str -2) [Xom's mischief]
  4336 | D:7      | Gained mutation: You are frail. (-10% HP) [Xom's mischief]
  4336 | D:7      | Gained mutation: You are somewhat resistant to both further
                  | mutation and mutation removal. [Xom's mischief]
  4336 | D:7      | Lost mutation: You are frail. (-10% HP) [Xom's mischief]
  4397 | D:7      | Found an iron altar of Okawaru.
  4425 | D:7      | XOM: confuse monster(s)
  4521 | D:7      | XOM: 2-stop teleportation journey
  4561 | D:7      | XOM: harmless Summ miscast
  4568 | D:7      | XOM: god gift: potion of might
  4689 | D:7      | Found a staircase to the Ecumenical Temple.
  4729 | D:7      | XOM: harmless Necr miscast
  4849 | D:7      | Noticed a moth of wrath
  4858 | D:7      | Found a bloodstained altar of Trog.
  4908 | D:7      | XOM: silly message
  5052 | D:8      | Noticed a two-headed ogre
  5058 | D:8      | XOM: 1-stop teleportation journey
  5061 | D:8      | XOM: noise
  5066 | D:8      | Noticed Prince Ribbit
  5079 | D:8      | XOM: mild Ice miscast
  5084 | D:8      | XOM: mild Erth miscast
  5149 | D:8      | XOM: harmless Necr miscast
  5367 | D:8      | XOM: 2-stop teleportation journey
  5372 | D:8      | Killed Prince Ribbit
  5439 | D:8      | XOM: silly message
  5659 | D:7      | XOM: summons 3 hostile shadow creatures
  5884 | D:7      | XOM: harmless Ice miscast
  5982 | D:8      | Killed a two-headed ogre
  5982 | D:8      | Reached skill level 10 in Axes
  6122 | D:8      | XOM: confusion (+ monsters)
  6127 | D:8      | XOM: cast spell 'Alistair's Intoxication'
  6130 | D:8      | XOM: confuse monster(s)
  6134 | D:8      | Reached XP level 10. HP: 58/86 MP: 9/9
  6371 | D:8      | XOM: give mutation
  6371 | D:8      | Gained mutation: You are very weak. (Str -4) [Xom's
                  | mischief]
  6678 | D:9      | Killed an unseen horror
  6783 | D:9      | XOM: enchant monster (bad)
  6814 | D:9      | Reached skill level 11 in Axes
  6818 | D:9      | XOM: blink monster(s)
  6831 | D:9      | XOM: blink monster(s)
  6845 | D:9      | XOM: confusion (+ monsters)
  7149 | D:9      | XOM: smoke on damage
  7172 | D:9      | XOM: polymorph orc wizard -> ooze
  7246 | D:9      | XOM: divination: detect items
  7265 | D:9      | XOM: harmless Conj miscast
  7297 | D:9      | Noticed a centaur warrior
  7309 | D:9      | Killed a centaur warrior
  7309 | D:9      | Reached skill level 12 in Axes
  7513 | D:9      | XOM: mild Tmut miscast
  7805 | D:8      | XOM: harmless Necr miscast
  7906 | D:9      | Found a staircase to the Lair.
  7958 | D:9      | Found a snail-covered altar of Cheibriados.
  7965 | D:9      | XOM: cast spell 'Olgreb's Toxic Radiance'
  7967 | D:9      | XOM: enchant monster (bad)
  7969 | D:9      | XOM: confuse monster(s)
  8323 | D:9      | XOM: confuse monster(s)
  8331 | D:9      | Reached skill level 10 in Shields
  8456 | D:9      | XOM: divination: detect items
  8470 | D:9      | Reached XP level 11. HP: 93/95 MP: 10/10
  8722 | D:10     | Entered Level 10 of the Dungeon
  8752 | D:10     | XOM: 7-stop teleportation journey
  8763 | D:10     | XOM: summons 4 hostile demons
  8778 | D:10     | Found Uratwuic's Assorted Antiques.
  8788 | D:10     | Bought a scroll of enchant armour for 217 gold pieces
  8822 | D:10     | Noticed an orc sorcerer
  8823 | D:10     | Found a staircase to the Orcish Mines.
  8824 | D:10     | XOM: summons 3 hostile shadow creatures
  8825 | D:10     | Noticed a two-headed ogre
  8826 | D:10     | Noticed a sixfirhy
  8830 | D:10     | Slain by a two-headed ogre

Skill      XL: |  1  2  3  4  5  6  7  8  9 10 11 |
---------------+----------------------------------+-----
Shields        | 4 5 6 7 9 10 | 10.2
Armour         | 4 5 7 8 9 |  9.3
Axes           | 3 5 6 7 8 10 12 | 12.6
Fighting       | 4 5 6 7 8 |  8.5
Dodging        | 1 2 3 4 |  4.0
Stealth        | 1 2 |  2.2

Action                   |  1- 3 |  4- 6 |  7- 9 | 10-12 || total
-------------------------+-------+-------+-------+-------++-------
Melee: War axe           |    69 |    76 |   292 |   283 ||   720
       Headbutt          |    10 |    12 |    58 |    41 ||   121
  Use: Scroll            |    10 |     2 |    10 |     6 ||    28
       Potion            |       |     2 |    11 |     2 ||    15
 Stab: Confused          |       |       |     2 |       ||     2
       Sleeping          |       |       |       |     1 ||     1
  Eat: Ration            |     1 |     1 |     5 |     2 ||     9
Armor: Scale mail        |    25 |     9 |       |       ||    34
       Chain mail        |       |    14 |   114 |    89 ||   217
Dodge: Dodged            |    18 |    32 |   128 |    85 ||   263
Block: Shield            |    45 |    47 |   207 |   165 ||   464
